 Dungeon Crawl Stone Soup version 0.28.0 (webtiles) character file.

Game seed: 10258111942546731520

282 Ajdolov the Slasher (level 6, -1/47 HPs)
             Began as a Formicid Abyssal Knight on Feb 15, 2022.
             Was a Priest of Lugonu.
             Slain by Grinder (6 damage)
             ... on level 3 of the Dungeon.
             The game lasted 00:06:08 (4323 turns).

Ajdolov the Slasher (Formicid Abyssal Knight)       Turns: 4323, Time: 00:06:08

Health: -1/47      AC:  5    Str: 19    XL:     6   Next: 53%
Magic:  9/9        EV: 14    Int: 10    God:    Lugonu [***...]
Gold:   139        SH:  0    Dex: 11    Spells: 5/5 levels left

rFire   . . .      SeeInvis +   s - +0 long sword
rCold   . . .      Faith    .   (no shield)
rNeg    . . .      Spirit   .   n - +0 ring mail
rPois   .          Reflect  .   (helmet unavailable)
rElec   .          Harm     .   (no cloak)
rCorr   .          Rampage  .   (no gloves)
Will    +....                   (no boots)
Stlth   +.........              (no amulet)
HPRegen 0.15/turn               c - +4 ring of evasion
MPRegen 0.11/turn               j - ring of willpower

@: no status effects
A: permanent stasis, dig shafts and tunnels, antennae 3, four strong arms
a: Dig, Shaft Self, Renounce Religion, Depart the Abyss, Bend Space, Banish


You were on level 3 of the Dungeon.
You worshipped Lugonu.
Lugonu was most pleased with you.
You visited 1 branch of the dungeon, and saw 4 of its levels.
You visited the Abyss 1 time.

You collected 139 gold pieces.

Inventory:

Hand Weapons
 s - a +0 long sword (weapon)
Armour
 n - a +0 ring mail (worn)
Jewellery
 c - a +4 ring of evasion (left hand)
 j - a ring of willpower (right hand)
 m - a ring of poison resistance
Scrolls
 b - a scroll of immolation {unknown}
 f - a scroll of teleportation {unknown}
 k - 2 scrolls of identify {unknown}
 l - a scroll of noise {unknown}
 p - a scroll of acquirement {unknown}
 q - a scroll of amnesia {unknown}
Potions
 d - 2 potions of invisibility {unknown}
 e - a potion of lignification {unknown}
 g - a potion of attraction {unknown}
 h - a potion of degeneration {unknown}
 i - 3 potions of flight {unknown}
 o - a potion of haste {unknown}
 r - a potion of cancellation {unknown}


   Skills:
 - Level 3.2 Fighting
 * Level 5.4 Long Blades
 - Level 2.1 Armour
 - Level 0.8 Dodging
 + Level 4.6 Invocations


You had 5 spell levels left.
You didn't know any spells.
Your spell library contained the following spells:

 Spells                   Type           Power      Damage    Failure   Level
 Portal Projectile        Hex/Tloc       0%         N/A       88%         3
 Blade Hands              Tmut           0%         N/A       100%        5
 Excruciating Wounds      Necr           0%         N/A       100%        5


Dungeon Overview and Level Annotations

Branches:
Dungeon (4/15)
 Temple: D:4-7

Altars:

Shops:
D:1 (

Annotations:
D:3 Grinder
D:4 Ijyb


Innate Abilities, Weirdness & Mutations

You cannot be hasted, slowed, berserked, paralysed or teleported.
You can dig through walls and to a lower floor.
You have a pair of large antennae on your head. (SInv)
Your four strong arms can wield two-handed weapons with a shield.


Message History

You hit Grinder but do no damage.
Grinder is moderately wounded.
Grinder gestures at you. You resist with almost no effort.
You slash Grinder!
Grinder is heavily wounded.
Grinder rolls her eyes.
Grinder gestures at you. You resist with almost no effort.
You slash Grinder!
Grinder is severely wounded.
Grinder says, "What is the universe for?"
Grinder closely misses you.
You barely miss Grinder.
Grinder is severely wounded.
Grinder hits you!
You closely miss Grinder.
Grinder is severely wounded.
Grinder says, "There's only one good use for a tongue: cutting it out."
Grinder hits you.
You closely miss Grinder.
Grinder is severely wounded.
Grinder hits you.
You writhe in agony.
* * * LOW HITPOINT WARNING * * *
You hit Grinder.
Grinder is almost dead.
Grinder gestures at you. You resist with some effort. Grinder hits you.
* * * LOW HITPOINT WARNING * * *
You writhe in agony.
* * * LOW HITPOINT WARNING * * *
You barely miss Grinder.
Grinder is almost dead.
Grinder misses you.
You hit Grinder but do no damage. You punch Grinder, but do no damage.
Grinder is almost dead.
Grinder hits you.
* * * LOW HITPOINT WARNING * * *
You writhe in agony.
You die...

##
.#####################
...............>.....#
................@5.#.#
.###.#...รท.........#.#
.......##########..#.#
####.#........).#..#.#
...........####)#..#.#
...........# #.#..#.#
........)..# #.#..#.#
...........####.#..#.#
...........+.......#.#


You could see Grinder.

Vanquished Creatures
  2 orc priests (D:3)
  An orc wizard (D:3)
  7 adders
  3 gnolls (D:2)
  A worm (D:2)
  2 dart slugs
  7 orcs (D:3)
  9 ball pythons
  5 bats
  7 endoplasms
  5 giant cockroaches (D:1)
  8 goblins
  6 hobgoblins
  8 jackals
  5 quokkas
  4 frilled lizards
  6 kobolds
  3 rats
89 creatures vanquished.

Notes
Turn   | Place    | Note
-------+----------+-------------------------------------------
     0 | Abyss:1  | Ajdolov the Formicid Abyssal Knight began the quest for the
                  | Orb.
     0 | Abyss:1  | Reached XP level 1. HP: 18/18 MP: 2/2
    63 | Abyss:1  | Noticed a starcursed mass
    64 | Abyss:1  | Noticed a wretched star
    64 | Abyss:1  | Noticed a spatial maelstrom
    70 | Abyss:1  | Noticed a spatial vortex
    70 | Abyss:1  | Noticed a spatial vortex
    71 | D:1      | Escaped the Abyss
   118 | D:1      | Found a faded altar of an unknown god.
   133 | D:1      | Reached * piety under Lugonu
   134 | D:1      | Reached XP level 2. HP: 12/24 MP: 3/3
   600 | D:1      | Reached XP level 3. HP: 29/29 MP: 5/5
   606 | D:1      | Found Qoebeyl's Antique Weapon Shoppe.
   634 | D:1      | Reached skill level 3 in Long Blades
  1415 | D:2      | Reached XP level 4. HP: 35/35 MP: 6/6
  2016 | D:2      | Reached skill level 4 in Long Blades
  2115 | D:2      | Reached XP level 5. HP: 36/41 MP: 7/7
  2265 | D:2      | Reached ** piety under Lugonu
  3366 | D:3      | Reached XP level 6. HP: 44/47 MP: 9/9
  3405 | D:3      | Reached skill level 5 in Long Blades
  3685 | D:3      | Reached *** piety under Lugonu
  4191 | D:4      | Noticed Ijyb
  4192 | D:4      | Noticed Grinder
  4323 | D:3      | Slain by Grinder

Illustrated notes

Levels and vault maps discovered:
D:1:      lightli_arrival_maybe_door_vault, layout_loops_cross, serial_shops,
          shop_fountains, ebering_ecumenical_altar_mist, minmay_pentomino_o4
D:2:      layout_loops_cross, serial_co_window_serial, co_window_paths_b,
          co_window_of_opportunity_a, co_window_paths_a, co_window_paths_a,
          co_window_paths_b, co_window_paths_a, co_window_paths_a,
          co_window_corner_a, co_window_of_opportunity_a, co_window_broadway_a,
          co_window_of_opportunity_c, co_window_corner_ca, co_window_4corner_a,
          glass_columns_a, glass_columns_a
D:3:      layout_basic
D:4:      layout_loops_ring, portal_sewer_entry_d, serial_shops, shop,
          uniq_ijyb, uniq_sigmund, uniq_crazy_yiuf_cottage, uniq_menkaure,
          uniq_blork_the_orc, uniq_grinder

Skill      XL: |  1  2  3  4  5  6 |
---------------+-------------------+-----
Long Blades    | 3 4 5 |  5.4
Invocations    | 3 4 |  4.6
Fighting       | |  3.2
Armour         | |  2.1
Dodging        | |  0.8

Action                   |  1- 3 |  4- 6 || total
-------------------------+-------+-------++-------
Melee: Falchion          |   102 |   256 ||   358
       Punch             |     2 |     7 ||     9
       Long sword        |       |    12 ||    12
Invok: Depart the Abyss  |     1 |       ||     1
Armor: Leather armour    |    31 |    25 ||    56
       Ring mail         |       |    38 ||    38
Dodge: Dodged            |    83 |   236 ||   319
